 Dungeon Crawl Stone Soup version 0.29-a0-43-g62a80824bf (webtiles) character file.

Game seed: 1471886570900432927

308 siradein the Skirmisher (level 6, -2/55 HPs)
             Began as a Draconian Berserker on Feb 3, 2022.
             Was a Priest of Trog.
             Slain by a lemure (4 damage)
             ... led by Pikel
             ... on level 4 of the Dungeon.
             The game lasted 00:08:27 (3269 turns).

siradein the Skirmisher (Draconian Berserker)       Turns: 3269, Time: 00:08:29

Health: -2/55      AC:  6    Str: 19    XL:     6   Next: 16%
Magic:  6/6        EV: 13    Int:  8    God:    Trog [***...]
Gold:   69         SH:  0    Dex: 12    Spells: 5/5 levels left

rFire   + . .      SeeInvis .   n - +0 morningstar
rCold   . . .      Faith    .   (no shield)
rNeg    . . .      Spirit   .   (armour unavailable)
rPois   .          Reflect  .   (helmet restricted)
rElec   .          Harm     .   (no cloak)
rCorr   .          Rampage  .   (no gloves)
Will    .....                   (no boots)
Stlth   +.........              (no amulet)
HPRegen 0.18/turn               l - ring of protection from fire
MPRegen 0.10/turn               (no ring)

@: no status effects
A: AC +6, unfitting armour, cold-blooded
a: Renounce Religion, Berserk, Trog's Hand


You were on level 4 of the Dungeon.
You worshipped Trog.
Trog was most pleased with you.
You visited 1 branch of the dungeon, and saw 4 of its levels.

You collected 153 gold pieces.
You spent 84 gold pieces at shops.

Inventory:

Hand Weapons
 n - a +0 morningstar (weapon)
Missiles
 f - 6 atropa-tipped darts (quivered)
Jewellery
 l - a ring of protection from fire (left hand)
Wands
 c - a wand of iceblast (8)
Scrolls
 a - a scroll of fog
 b - 2 scrolls of noise {unknown}
 g - a scroll of blinking
 i - a scroll of teleportation
Potions
 d - 2 potions of curing
 e - 2 potions of haste
 h - 2 potions of attraction
 k - 2 potions of flight


   Skills:
 + Level 4.8 Fighting
 + Level 4.4 Maces & Flails
 + Level 4.0 Dodging
 + Level 2.4 Evocations


You had 5 spell levels left.
You didn't know any spells.
Your spell library was empty.

Dungeon Overview and Level Annotations

Branches:
Dungeon (4/15)
 Temple: D:4-7

Altars:
Dithmenos
Gozag
Nemelex Xobeh

Shops:
D:3 !

Annotations:
D:4 3 runed translucent doors, noodleboyJ's ghost, amateur DrCK


Innate Abilities, Weirdness & Mutations

Your plain brown scales are hard. (AC +6)
You cannot fit into any form of body armour.
You are cold-blooded and may be slowed by cold attacks.


Message History

The howler monkey closely misses you.
The howler monkey hoots and howls with incredible vigour! x2
You hear a shout!
The howler monkey hoots and howls with incredible vigour!
You hear a shout!
You feel yourself speed up. The howler monkey barely misses you.
The howler monkey hits you.
The howler monkey hoots and howls with incredible vigour!
The hobgoblin throws a stone.
The stone completely misses you.
You hear a shout! x2
The howler monkey hoots and howls with incredible vigour!
You recover from your berserk rage.
There is a stone staircase leading down here.
The howler monkey hoots and howls with incredible vigour!
You hit the howler monkey.
The howler monkey is lightly wounded.
The howler monkey hits you.
An ogre comes into view. It is wielding a +0 giant spiked club.
The howler monkey hits you.
You puncture the howler monkey!
The howler monkey is severely wounded.
The howler monkey closely misses you.
You puncture the howler monkey!
You kill the howler monkey!
Trog accepts your kill.
The hobgoblin hits you but does no damage.
Your Dodging skill increases to level 4!
You closely miss the hobgoblin. The hobgoblin barely misses you.
The lemure closely misses you.
You closely miss the hobgoblin. You punch the hobgoblin.
The hobgoblin is moderately wounded.
The hobgoblin hits you. The ogre barely misses you. The lemure hits you.
The hobgoblin hits you.
You closely miss the hobgoblin.
The hobgoblin is lightly wounded.
The ogre hits you with a +0 giant spiked club!
* * * LOW HITPOINT WARNING * * *
The lemure hits you.
You die...

#.# #......# ###### #######.#
#.####.# # #>....#.# #.# #.#
#.###.#.#####.####.#
#.#......?......##.##
#.#.#.#.##..###.#...#########
#.....#[##[(# #...(.(.#......
##(..##.###O###.#...#.#[#####
#......# #.@55:##.##.#.#
#...#..# ###g####......#
#####.<# #...# ##g..### #..#
#.### #5### #..# #.# #># #(.#
#.### #.# #..# #)..# #.# #..#
###.# #5# #..# #.# #.#


You could see an ogre, 2 lemures and a hobgoblin.

Vanquished Creatures
  A howler monkey (D:4)
  An orc priest (D:4)
  Jessica (D:2)
  An orc wizard (D:4)
  5 adders
  4 gnolls (D:3)
  A worm (D:2)
  2 dart slugs
  5 orcs
  12 endoplasms
  2 giant cockroaches
  7 goblins
  11 hobgoblins
  10 jackals
  3 quokkas
  5 ball pythons
  5 bats
  3 frilled lizards
  4 kobolds
  4 rats
87 creatures vanquished.

Notes
Turn   | Place    | Note
-------+----------+-------------------------------------------
     0 | D:1      | siradein the Draconian Berserker began the quest for the
                  | Orb.
     0 | D:1      | Reached XP level 1. HP: 19/19 MP: 1/1
   389 | D:1      | Reached XP level 2. HP: 26/26 MP: 2/2
   773 | D:1      | Reached ** piety under Trog
   864 | D:1      | Found a faded altar of an unknown god.
  1063 | D:2      | Reached XP level 3. HP: 29/33 MP: 3/3
  1420 | D:2      | Noticed Jessica
  1426 | D:2      | Killed Jessica
  1427 | D:2      | Reached skill level 1 in Evocations
  1427 | D:2      | Reached XP level 4. HP: 40/40 MP: 4/4
  1431 | D:2      | Identified the +3 leather armour of Ubokhlomuu {rC+++ rCorr
                  | Str-5 Dex-2}
  1835 | D:3      | Reached XP level 5. HP: 46/46 MP: 5/5
  1921 | D:3      | Found a shadowy altar of Dithmenos.
  1964 | D:3      | Found a sparkling altar of Nemelex Xobeh.
  2359 | D:3      | Found Zeyma's Distillery.
  2475 | D:3      | Bought a potion of flight for 42 gold pieces
  2475 | D:3      | Bought a potion of attraction for 42 gold pieces
  2978 | D:4      | Reached *** piety under Trog
  3000 | D:4      | Found a runed translucent gate.
  3002 | D:4      | Found a runed translucent gate.
  3002 | D:4      | Found an opulent altar of Gozag.
  3005 | D:4      | Found a runed translucent gate.
  3006 | D:4      | Noticed an orc warrior
  3007 | D:4      | Noticed noodleboyJ's ghost (amateur DrCK)
  3018 | D:4      | Noticed a lemure
  3222 | D:4      | Noticed a lemure
  3224 | D:4      | Reached XP level 6. HP: 23/53 MP: 6/6
  3269 | D:4      | HP: 2/55 [ogre (16)]
  3269 | D:4      | Slain by a lemure

Illustrated notes

Levels and vault maps discovered:
D:1:      onia_arrival_pentagram, layout_basic,
          shapermc_ecumenical_altar_mp_vishouse, corexii_leaking_fountain
D:2:      layout_rooms, uniq_jessica
D:3:      minmay_general_purpose_star, layout_basic,
          mainiacjoe_overflow_catch_the_wave, serial_shops,
          nicolae_shop_hallway_plus
D:4:      layout_loops_ring, ebering_ghost_gozag, uniq_pikel

Skill      XL: |  1  2  3  4  5  6 |
---------------+-------------------+-----
Dodging        | 3 4 |  4.0
Fighting       | 4 |  4.8
Evocations     | 1 2 |  2.4
Maces & Flails | 4 |  4.4

Action                   |  1- 3 |  4- 6 || total
-------------------------+-------+-------++-------
Melee: Mace              |   115 |    57 ||   172
       Tailslap          |     7 |    16 ||    23
       Morningstar       |       |    82 ||    82
       Flail             |       |    17 ||    17
       Punch             |       |     2 ||     2
Invok: Berserk           |     1 |     2 ||     3
  Use: Scroll            |       |     5 ||     5
 Stab: Sleeping          |     2 |       ||     2
       Distracted        |     1 |       ||     1
Armor: Skin              |    33 |    59 ||    92
Dodge: Dodged            |    72 |   142 ||   214

Table legend: (Time is in decaauts)
 A = Elapsed time spent in this place.
 B = Non-inter-level travel time spent in this place.
 C = Inter-level travel time spent in this place.
 D = Time resting spent in this place.
 E = Time spent auto-exploring this place.
 F = Levels seen in this place.
 G = Mean time per level.
                   A        B        C        D        E       F      G
               +--------+--------+--------+--------+--------+-----+--------+
         Total |   3373 |   3346 |     27 |     43 |   2514 |   4 |  843.2 |
       Dungeon |   3373 |   3346 |     27 |     43 |   2514 |   4 |  843.2 |
               +--------+--------+--------+--------+--------+-----+--------+

Top non-repeatable levels by time:
     D:3: 1109 daAuts
     D:1: 1069 daAuts
     D:2: 788 daAuts
     D:4: 406 daAuts
